 Dungeon Crawl Stone Soup version 0.26-a0-1025-g006ef2cfcc (webtiles) character file.

Game seed: 10943735523751004729

97967 Gargoyl the Fighter (level 16, -10/127 HPs)
             Began as a Gnoll Abyssal Knight on Dec 9, 2020.
             Was the Champion of Lugonu.
             Mangled by an enormous slime creature (58 damage)
             ... on level 12 of the Dungeon.
             The game lasted 00:34:10 (29171 turns).

Gargoyl the Fighter (Gnoll Abyssal Knight)         Turns: 29171, Time: 00:34:11

Health: -10/127    AC: 21    Str: 19    XL:     16   Next: 21%
Magic:  30/30      EV: 14    Int: 15    God:    Lugonu [******]
Gold:   1885       SH:  0    Dex: 19    Spells: 35/35 levels left

rFire    + . .     SeeInvis .   f - +1 hand axe (flame)
rCold    + . .     Faith    .   (no shield)
rNeg     + . .     Spirit   .   y - +2 chain mail {rN+}
rPois    +         Reflect  .   (helmet restricted)
rElec    .         Harm     .   q - scarf {rC+ rF+}
rCorr    .         Rampage  .   d - +2 pair of gloves
Will     ++...                  o - +2 pair of boots
Stlth    ++........             T - amulet of regeneration
HPRegen  0.71/turn              x - +4 ring of slaying
MPRegen  0.22/turn              u - ring of poison resistance

@: no status effects
A: distributed training, antennae 1, claws 1, fangs 1, agile 1, strong-willed 1,
strong nose
a: Depart the Abyss, Bend Space, Banish, Corrupt, Enter the Abyss, Brand Weapon
With Distortion, Renounce Religion


You were on level 12 of the Dungeon.
You worshipped Lugonu.
Lugonu was exalted by your worship.
You visited 2 branches of the dungeon, and saw 18 of its levels.
You visited the Abyss 1 time.
You also visited: Ice Cave.

You collected 1885 gold pieces.

Inventory:

Hand Weapons
 a - a +2 hand axe
 b - a +4 long sword of freezing
 f - a +1 hand axe of flaming (weapon)
 n - a +4 long sword of electrocution
Missiles
 B - 46 poisoned darts (quivered)
 C - 3 curare-tipped darts
Armour
 d - a +2 pair of gloves (worn)
 g - a +1 helmet
 o - a +2 pair of boots (worn)
 q - a scarf of resistance (worn)
 y - a +2 chain mail of positive energy (worn)
Jewellery
 c - a +6 ring of dexterity
 u - a ring of poison resistance (right hand)
 w - an uncursed ring of positive energy
 x - a +4 ring of slaying (left hand)
 D - the ring "Hoyho" {+Blink rC+ Str+5}
   (You found it on level 1 of the Lair of Beasts)

   [ring of protection from cold]

   It affects your strength (+5).
   It protects you from cold.
   It lets you blink.
 G - a +6 ring of strength
 M - an uncursed ring of flight
 O - an uncursed ring of magical power
 T - an amulet of regeneration (around neck)
Wands
 i - a wand of iceblast (15)
 l - a wand of digging (7)
 m - a wand of polymorph (47)
 t - a wand of random effects (46)
 E - a wand of flame (31)
 K - a wand of disintegration (11)
 R - a wand of paralysis (9)
Scrolls
 h - 7 scrolls of remove curse
 j - a scroll of identify
 k - 5 scrolls of teleportation
 p - 6 scrolls of enchant armour
 s - 2 scrolls of blinking
 H - 3 scrolls of fog
 I - 2 scrolls of magic mapping
 L - a scroll of fear
Potions
 e - 4 potions of flight
 r - 2 potions of curing
 v - a potion of brilliance
 z - a potion of lignification
 A - a potion of invisibility
 F - 3 potions of might
 J - a potion of cancellation
 N - 2 potions of magic


   Skills:
 + Level 11.8 Fighting
 + Level 10.1 Short Blades
 + Level 10.1 Long Blades
 + Level 11.0 Axes
 + Level 10.1 Maces & Flails
 + Level 10.1 Polearms
 + Level 10.1 Staves
 + Level 10.1 Slings
 + Level 10.1 Bows
 + Level 10.1 Crossbows
 + Level 10.1 Throwing
 + Level 11.0 Armour
 + Level 10.4 Dodging
 + Level 10.1 Stealth
 + Level 10.1 Shields
 + Level 10.1 Unarmed Combat
 + Level 10.1 Spellcasting
 + Level 8.5 Conjurations
 + Level 8.5 Hexes
 + Level 8.5 Summonings
 + Level 8.5 Necromancy
 + Level 8.5 Translocations
 + Level 8.5 Transmutations
 + Level 8.5 Fire Magic
 + Level 8.5 Ice Magic
 + Level 8.5 Air Magic
 + Level 8.5 Earth Magic
 + Level 8.5 Poison Magic
 + Level 11.7 Invocations
 + Level 10.1 Evocations


You had 35 spell levels left.
You didn't know any spells.
Your spell library contained the following spells:

 Spells                   Type           Power        Failure   Level
 Animate Skeleton         Necr           ####..       2%          1
 Apportation              Tloc           ####..       2%          1
 Beastly Appendage        Tmut           ####..       2%          1
 Corona                   Hex            ####...      2%          1
 Magic Dart               Conj           ####         2%          1
 Summon Small Mammal      Summ           ####         2%          1
 Call Imp                 Summ           ####....     3%          2
 Passwall                 Tmut/Erth      ####....     3%          2
 Searing Ray              Conj           ####..       3%          2
 Swiftness                Air            ####....     3%          2
 Wereblood                Tmut           ####....     3%          2
 Call Canine Familiar     Summ           ####....     6%          3
 Dazzling Flash           Conj/Hex       ####..       6%          3
 Spider Form              Tmut/Pois      ####......   6%          3
 Summon Guardian Golem    Hex/Summ       ####....     6%          3
 Fulminant Prism          Conj/Hex       ####......   22%         4
 Ice Form                 Ice/Tmut       ####....     22%         4
 Iskenderun's Mystic Bla  Conj/Tloc      ####....     22%         4
 Passage of Golubria      Tloc           N/A          22%         4
 Summon Ice Beast         Ice/Summ       ####....     22%         4
 Summon Lightning Spire   Summ/Air       ####....     22%         4
 Blade Hands              Tmut           ####......   52%         5
 Irradiate                Conj/Tmut      ####......   52%         5
 Lee's Rapid Deconstruct  Erth           ####......   52%         5
 Metabolic Englaciation   Hex/Ice        ####......   52%         5
 Freezing Cloud           Conj/Ice/Air   ####......   97%         6
 Hydra Form               Tmut           ####......   97%         6
 Invisibility             Hex            ####....     97%         6
 Ozocubu's Refrigeration  Ice            ####......   97%         6
 Simulacrum               Ice/Necr       ####......   97%         6
 Statue Form              Tmut/Erth      ####.....    97%         6
 Dragon Form              Tmut           ####......   100%        7


Dungeon Overview and Level Annotations

Branches:
Dungeon (12/15)            Temple (0/1) D:4            Lair (6/6) D:8
  Swamp (0/4) Lair:2       Spider (0/4) Lair:2        Slime (0/5) Lair:5
    Orc (0/2) D:9           IceCv (visited)

Altars:
Ashenzari
Cheibriados
Dithmenos
Fedhas
Kikubaaqudgha
Makhleb
Nemelex Xobeh
Okawaru
Qazlal
Sif Muna
Trog
Uskayaw
Vehumet
Wu Jian
The Shining One
Jiyva

Annotations:
Lair:1 exclusion: oklob plant


Innate Abilities, Weirdness & Mutations

Your experience applies equally to all skills.
You have very sharp teeth.
Your uncanny sense of smell can sniff out nearby items.
You have a pair of small antennae on your head.
You have sharp fingernails.
You are agile. (Dex +2)
You are strong-willed. (Will+)


Message History

Lugonu accepts your kill.
You hit the yak. You burn the yak. You hit the centaur warrior.
You burn the centaur warrior. The centaur warrior barely misses you.
Two slime creatures merge to form an enormous slime creature.
You hit the yak. You burn the yak.
The yak is lightly wounded.
You hit the centaur warrior. You burn the centaur warrior. You hit the yak.
You burn the yak. You hit the slime creature. You burn the slime creature.
You hit the enormous slime creature. You burn the enormous slime creature.
The centaur warrior hits you but does no damage.
The yak gores you but does no damage. The enormous slime creature hits you!!!
The slime creature closely misses you.
You barely miss the yak. You bite the yak, but do no damage.
You hit the enormous slime creature. You burn the enormous slime creature.
You slash the yak! You burn the yak. You hit the slime creature.
You burn the slime creature. You hit the yak. You burn the yak.
You hit the centaur warrior. You burn the centaur warrior.
The centaur warrior hits you but does no damage.
The yak gores you. x2; The enormous slime creature hits you!!!
You die...

,* #......(........,,*,,,*,,,,,
,* #.....(.........,,*,,,*,,,,,
,* #........#######,,*,,,*,,,**
,* #........#,,,,,*,,*,,,+,,,*
.#####........#,,,,,+,,###**,,,*
..............#,,,,,*∆....,,,,,*
..............#######.....,,,,,**
.##+###.........YJ...D....,,,,,,,
.#....#.........@Y........,,,,,,,
.#....#........JYc..######*******
.#....#.............#,,,,,,,,,,,,
.#....+.............#,,,,,,,,,,,,
.#....##....######..#,,,,,,>,,,,,
.#.....#....#....#..#,,∆,,,,,,,,,
.#.....'....#....#..#,,,,,,,,,,,,
.#.....#....'....#..#******++****
.#.....#....#....#,..,,,,,,,,,,,,


You could see a six-headed hydra, an enormous slime creature, a slime creature,
a centaur warrior and 3 yaks.

Vanquished Creatures
  Rupert (Lair:5)
  A frost giant (IceCv)
  Snorg (Lair:5)
  A fire dragon (Lair:6)
  Harold (D:10)
  8 hydras
  5 death yaks
  A swamp dragon (Lair:6)
  Pikel (D:7)
  A wolf spider (Lair:6)
  A cyclops (D:12)
  An orb spider (Lair:2)
  An ice statue (IceCv)
  Maurice (D:8)
  A guardian serpent (Lair:6)
  14 elephants
  10 black mambas
  5 torpor snails
  13 cane toads
  12 komodo dragons
  A rime drake (Lair:6)
  2 hornets (Lair:6)
  2 trolls
  Grinder (D:6)
  16 polar bears (IceCv)
  A slime creature (D:12)
  5 blink frogs
  5 dream sheep (Lair:6)
  2 redbacks (Lair:6)
  8 wyverns
  Sigmund (D:3)
  A wraith (D:11)
  Eustachio (D:4)
  Grum (D:10)
  62 yaks
  2 basilisks (Lair:2)
  3 vampire mosquitoes (Lair:2)
  3 steam dragons (Lair:6)
  3 acid dragons (Lair:6)
  26 water moccasins
  12 orc warriors
  3 ice beasts
  4 sky beasts
  10 ogres
  33 wolves
  4 centaurs
  A lemure (D:7)
  3 big kobolds
  Blork the orc (D:4)
  18 bullfrogs
  A gnoll sergeant (D:9)
  4 scorpions
  12 killer bees
  17 wights
  A howler monkey (D:11)
  An electric eel (Lair:2)
  A bullfrog zombie (D:4)
  5 centaur zombies
  A jelly (D:6)
  3 bullfrog skeletons
  13 orc wizards
  4 hounds
  6 orc priests
  2 centaur skeletons
  2 gnoll shamans
  Jessica (D:3)
  6 iguanas
  Natasha (D:2)
  2 worker ants
  A hound zombie (D:6)
  Robin (D:2)
  A howler monkey skeleton (D:7)
  10 adders
  9 gnolls
  2 river rats (D:3)
  A shadow imp (D:7)
  3 white imps
  3 ufetubi
  2 oozes
  An adder skeleton (D:4)
  An adder zombie (D:5)
  2 worms
  2 dart slugs
  2 leopard geckos
  51 orcs
  2 ball pythons
  7 bats
  13 giant cockroaches
  16 goblins
  12 hobgoblins
  6 jackals
  15 kobolds
  4 quokkas
  7 frilled lizards
  11 rats
583 creatures vanquished.

Vanquished Creatures (others)
  63 fungi
  81 plants
144 creatures vanquished.

Grand Total: 727 creatures vanquished

Notes
Turn   | Place    | Note
-------+----------+-------------------------------------------
     0 | Abyss:1  | Gargoyl the Gnoll Abyssal Knight began the quest for the
                  | Orb.
     0 | Abyss:1  | Reached XP level 1. HP: 23/23 MP: 3/3
    81 | Abyss:3  | Noticed a blink frog
    81 | Abyss:3  | Noticed a blink frog
    81 | Abyss:3  | Noticed a blink frog
    82 | Abyss:3  | Noticed a blink frog
    93 | Abyss:3  | Noticed a small abomination
   101 | Abyss:3  | Noticed a small abomination
   103 | D:1      | Escaped the Abyss
   103 | D:1      | Noticed a minotaur skeleton
   274 | D:1      | Noticed a minotaur skeleton
   437 | D:1      | Reached XP level 2. HP: 27/29 MP: 5/5
   576 | D:1      | Reached * piety under Lugonu
   595 | D:1      | Reached XP level 3. HP: 26/35 MP: 6/6
  1014 | D:2      | Noticed Robin
  1021 | D:2      | Reached skill level 1 in Short Blades
  1021 | D:2      | Reached skill level 1 in Long Blades
  1021 | D:2      | Reached skill level 1 in Maces & Flails
  1021 | D:2      | Reached skill level 1 in Polearms
  1021 | D:2      | Reached skill level 1 in Staves
  1021 | D:2      | Reached skill level 1 in Slings
  1021 | D:2      | Reached skill level 1 in Bows
  1021 | D:2      | Reached skill level 1 in Crossbows
  1021 | D:2      | Reached skill level 1 in Throwing
  1021 | D:2      | Reached skill level 1 in Stealth
  1021 | D:2      | Reached skill level 1 in Shields
  1021 | D:2      | Reached skill level 1 in Unarmed Combat
  1021 | D:2      | Reached skill level 1 in Spellcasting
  1021 | D:2      | Reached skill level 1 in Evocations
  1025 | D:2      | Killed Robin
  1026 | D:2      | Reached XP level 4. HP: 41/41 MP: 7/7
  1298 | D:2      | Reached ** piety under Lugonu
  1314 | D:2      | Reached skill level 1 in Conjurations
  1314 | D:2      | Reached skill level 1 in Hexes
  1314 | D:2      | Reached skill level 1 in Summonings
  1314 | D:2      | Reached skill level 1 in Necromancy
  1314 | D:2      | Reached skill level 1 in Translocations
  1314 | D:2      | Reached skill level 1 in Transmutations
  1314 | D:2      | Reached skill level 1 in Fire Magic
  1314 | D:2      | Reached skill level 1 in Ice Magic
  1314 | D:2      | Reached skill level 1 in Air Magic
  1314 | D:2      | Reached skill level 1 in Earth Magic
  1314 | D:2      | Reached skill level 1 in Poison Magic
  1325 | D:2      | Reached XP level 5. HP: 46/47 MP: 8/8
  1578 | D:2      | Noticed Natasha
  1589 | D:2      | Killed Natasha
  1753 | D:3      | Noticed Sigmund
  1775 | D:3      | Killed Sigmund
  1776 | D:3      | Reached skill level 5 in Axes
  1776 | D:3      | Reached skill level 5 in Armour
  1776 | D:3      | Reached skill level 5 in Invocations
  1776 | D:3      | Reached XP level 6. HP: 44/53 MP: 9/9
  1883 | D:3      | You fall into a shaft and drop 3 floors!
  1884 | D:6      | Noticed a sky beast
  1899 | D:6      | Found a bloodstained altar of Trog.
  1904 | D:6      | Found a stormy altar of Qazlal.
  1905 | D:6      | Found a shadowy altar of Dithmenos.
  1905 | D:6      | Found a snail-covered altar of Cheibriados.
  1906 | D:6      | Found a radiant altar of Vehumet.
  1907 | D:6      | Found a sparkling altar of Nemelex Xobeh.
  1910 | D:6      | Found an iron altar of Okawaru.
  1964 | D:6      | Noticed Grinder
  1972 | D:5      | Entered Level 5 of the Dungeon
  2514 | D:3      | Reached XP level 7. HP: 59/59 MP: 10/10
  3119 | D:3      | Noticed Jessica
  3133 | D:3      | Killed Jessica
  3284 | D:4      | Found a staircase to the Ecumenical Temple.
  3415 | D:4      | Reached *** piety under Lugonu
  3611 | D:4      | Found a burning altar of Makhleb.
  3658 | D:4      | Noticed Blork the orc
  3665 | D:4      | Killed Blork the orc
  3750 | D:4      | Noticed Eustachio
  3767 | D:4      | Killed Eustachio
  3768 | D:4      | Reached XP level 8. HP: 42/67 MP: 12/12
  4885 | D:5      | Found an ornate altar of the Wu Jian Council.
  4892 | D:5      | Found an ancient bone altar of Kikubaaqudgha.
  4966 | D:6      | Killed Grinder
  5424 | D:6      | Reached XP level 9. HP: 54/73 MP: 14/14
  5484 | D:6      | Reached **** piety under Lugonu
  6179 | D:7      | Reached skill level 5 in Dodging
  7477 | D:7      | Found a shimmering blue altar of Sif Muna.
  7706 | D:7      | Noticed Pikel
  7726 | D:7      | Killed Pikel
  7727 | D:7      | Reached XP level 10. HP: 74/80 MP: 17/17
  7819 | D:7      | Reached skill level 5 in Short Blades
  7819 | D:7      | Reached skill level 5 in Long Blades
  7819 | D:7      | Reached skill level 5 in Maces & Flails
  7819 | D:7      | Reached skill level 5 in Polearms
  7819 | D:7      | Reached skill level 5 in Staves
  7819 | D:7      | Reached skill level 5 in Slings
  7819 | D:7      | Reached skill level 5 in Bows
  7819 | D:7      | Reached skill level 5 in Crossbows
  7819 | D:7      | Reached skill level 5 in Throwing
  7819 | D:7      | Reached skill level 5 in Stealth
  7819 | D:7      | Reached skill level 5 in Shields
  7819 | D:7      | Reached skill level 5 in Unarmed Combat
  7819 | D:7      | Reached skill level 5 in Spellcasting
  7819 | D:7      | Reached skill level 5 in Evocations
  8172 | D:8      | Found a staircase to the Lair.
  8488 | D:8      | Found a bloodstained altar of Trog.
  8578 | D:8      | Found a glowing golden altar of the Shining One.
  8579 | D:8      | Found a blossoming altar of Fedhas.
  8611 | D:8      | Noticed Maurice
  8636 | D:8      | Killed Maurice
  8656 | D:8      | Found a hide-covered altar of Uskayaw.
  9102 | D:9      | Reached ***** piety under Lugonu
  9216 | D:10     | Entered Level 10 of the Dungeon
  9521 | D:9      | Reached XP level 11. HP: 76/87 MP: 19/19
  9887 | D:9      | Found a staircase to the Orcish Mines.
 10359 | D:9      | Reached skill level 5 in Conjurations
 10359 | D:9      | Reached skill level 5 in Hexes
 10359 | D:9      | Reached skill level 5 in Summonings
 10359 | D:9      | Reached skill level 5 in Necromancy
 10359 | D:9      | Reached skill level 5 in Translocations
 10359 | D:9      | Reached skill level 5 in Transmutations
 10359 | D:9      | Reached skill level 5 in Fire Magic
 10359 | D:9      | Reached skill level 5 in Ice Magic
 10359 | D:9      | Reached skill level 5 in Air Magic
 10359 | D:9      | Reached skill level 5 in Earth Magic
 10359 | D:9      | Reached skill level 5 in Poison Magic
 11259 | D:10     | Noticed Harold
 11279 | D:10     | Killed Harold
 12076 | D:10     | Noticed Grum
 12089 | D:10     | Killed Grum
 12581 | Lair:1   | Entered Level 1 of the Lair of Beasts
 13156 | Lair:1   | Noticed an eight-headed hydra
 13169 | Lair:1   | Killed a two-headed hydra
 13430 | Lair:1   | Got a translucent golden ring
 13431 | Lair:1   | Identified the ring "Hoyho" {+Blink rC+ Str+5} (You found
                  | it on level 1 of the Lair of Beasts)
 13475 | Lair:1   | Reached XP level 12. HP: 42/96 MP: 22/22
 13879 | Lair:1   | Noticed a six-headed hydra
 13889 | Lair:1   | Killed a one-headed hydra
 13941 | Lair:1   | Found a blossoming altar of Fedhas.
 13948 | Lair:1   | Gained mutation: You are agile. (Dex +2) [potion of
                  | mutation]
 13948 | Lair:1   | Gained mutation: You have a pair of small antennae on your
                  | head. [potion of mutation]
 13948 | Lair:1   | Gained mutation: You are strong-willed. (Will+) [potion of
                  | mutation]
 13948 | Lair:1   | Gained mutation: You have sharp fingernails. [potion of
                  | mutation]
 15232 | Lair:2   | Reached skill level 10 in Fighting
 15375 | Lair:2   | Found a hole to the Spider Nest.
 15824 | Lair:2   | Found a staircase to the Swamp.
 15846 | Lair:2   | Reached ****** piety under Lugonu
 16216 | Lair:3   | Reached XP level 13. HP: 67/103 MP: 24/24
 17609 | Lair:3   | Got a distressingly furry ring mail
 17610 | Lair:3   | Identified the cursed +0 ring mail "Nuffi" {+Fly rF+} (You
                  | found it on level 3 of the Lair of Beasts)
 17737 | Lair:4   | Reached skill level 10 in Invocations
 18694 | Lair:4   | Found a runed translucent door.
 19490 | Lair:5   | Noticed Rupert
 19506 | Lair:5   | Killed Rupert
 19789 | Lair:5   | Found a staircase to the Slime Pits.
 19789 | Lair:5   | Found a viscous altar of Jiyva.
 19909 | Lair:5   | Found a snail-covered altar of Cheibriados.
 20089 | Lair:5   | Noticed Snorg
 20135 | Lair:5   | Killed Snorg
 20710 | Lair:6   | Entered Level 6 of the Lair of Beasts
 21691 | Lair:6   | Reached XP level 14. HP: 41/111 MP: 26/26
 21975 | Lair:6   | Identified a scroll of acquirement
 21975 | Lair:6   | Acquired 499 gold pieces
 22000 | Lair:6   | Reached skill level 10 in Axes
 22000 | Lair:6   | Reached skill level 10 in Armour
 25754 | Lair:6   | HP: 4/113 [fire dragon (5)]
 27215 | D:11     | Found a broken altar of Ashenzari.
 27351 | D:12     | Got a faintly humming ring mail
 27362 | D:12     | Found a frozen archway.
 27371 | IceCv    | Entered an ice cave
 27777 | IceCv    | Reached skill level 10 in Dodging
 28059 | IceCv    | Reached XP level 15. HP: 102/119 MP: 28/28
 28819 | IceCv    | Noticed a frost giant
 28846 | IceCv    | Killed a frost giant
 29069 | D:12     | Identified the +0 ring mail of the Storm King {rC++ Str+3}
                  | (You found it on level 12 of the Dungeon)
 29086 | D:12     | Reached skill level 10 in Short Blades
 29086 | D:12     | Reached skill level 10 in Long Blades
 29086 | D:12     | Reached skill level 10 in Maces & Flails
 29086 | D:12     | Reached skill level 10 in Polearms
 29086 | D:12     | Reached skill level 10 in Staves
 29086 | D:12     | Reached skill level 10 in Slings
 29086 | D:12     | Reached skill level 10 in Bows
 29086 | D:12     | Reached skill level 10 in Crossbows
 29086 | D:12     | Reached skill level 10 in Throwing
 29086 | D:12     | Reached skill level 10 in Stealth
 29086 | D:12     | Reached skill level 10 in Shields
 29086 | D:12     | Reached skill level 10 in Unarmed Combat
 29086 | D:12     | Reached skill level 10 in Spellcasting
 29086 | D:12     | Reached skill level 10 in Evocations
 29086 | D:12     | Reached XP level 16. HP: 127/127 MP: 28/30
 29171 | D:12     | Mangled by an enormous slime creature

Illustrated notes

Levels and vault maps discovered:
D:1:      shiori_arrival_whats_in_store_for_you, layout_rooms
D:2:      minmay_roachtagon, layout_loops_ring, uniq_robin, uniq_natasha
D:3:      layout_basic, portal_sewer_entry_b, minmay_statues_item, uniq_jessica,
          uniq_sigmund
D:4:      layout_loops_ring, makhleb_blood_cavern_becter,
          minmay_temple_entry_stoned_glass, kennysheep_generic_room_4,
          uniq_eustachio, uniq_blork_the_orc
D:5:      layout_cave_pods, amethyst_overflow_temple_binary
D:6:      layout_rooms, minitemple, uniq_grinder
D:7:      layout_rooms, basic_altar, uniq_pikel
D:8:      layout_basic, overflow_temple_1_default,
          nicolae_overflow_hidden_temple, david_lair_shrubbed,
          trog_hazing_becter, uniq_maurice
D:9:      layout_cave_pools, kennysheep_orc_monster_closet_entryway
D:10:     layout_irregular_city, uniq_harold, uniq_grum
D:11:     layout_basic, basic_altar
D:12:     layout_irregular_city, portal_ice_cave_entry_pillars_1
Lair:1:   layout_loops_ring, tgw_fedhas
Lair:2:   dpeg_oklob_gauntlet, layout_regular_city, minmay_swamp_entry_swarm,
          nicolae_spider_entry_orb_guardian, small_statue_intersection
Lair:3:   layout_cave_pods, chequers_serial_rivers_micro_c, st_stairs_8,
          grunt_megastairs_3
Lair:4:   layout_gridlike, pf_torpor_hydra
Lair:5:   layout_loops_ring, slime_altar_1, kennysheep_snail_temple,
          infiniplex_staircase_pool, uniq_snorg, uniq_rupert
Lair:6:   hangedman_lair_tendril_chambers, layout_misc_corridors,
          guppyfry_lair_end_dragon

Skill      XL: |  1  2  3  4  5  6  7  8  9 10 11 12 13 14 15 |
---------------+----------------------------------------------+-----
Short Blades   | 1 2 3 4 5 6 7 8 9 10 | 10.1
Long Blades    | 1 2 3 4 5 6 7 8 9 10 | 10.1
Maces & Flails | 1 2 3 4 5 6 7 8 9 10 | 10.1
Polearms       | 1 2 3 4 5 6 7 8 9 10 | 10.1
Staves         | 1 2 3 4 5 6 7 8 9 10 | 10.1
Slings         | 1 2 3 4 5 6 7 8 9 10 | 10.1
Bows           | 1 2 3 4 5 6 7 8 9 10 | 10.1
Crossbows      | 1 2 3 4 5 6 7 8 9 10 | 10.1
Throwing       | 1 2 3 4 5 6 7 8 9 10 | 10.1
Stealth        | 1 2 3 4 5 6 7 8 9 10 | 10.1
Shields        | 1 2 3 4 5 6 7 8 9 10 | 10.1
Unarmed Combat | 1 2 3 4 5 6 7 8 9 10 | 10.1
Spellcasting   | 1 2 3 4 5 6 7 8 9 10 | 10.1
Evocations     | 1 2 3 4 5 6 7 8 9 10 | 10.1
Conjurations   | 1 2 3 4 5 6 7 8 |  8.5
Hexes          | 1 2 3 4 5 6 7 8 |  8.5
Summonings     | 1 2 3 4 5 6 7 8 |  8.5
Necromancy     | 1 2 3 4 5 6 7 8 |  8.5
Translocations | 1 2 3 4 5 6 7 8 |  8.5
Transmutations | 1 2 3 4 5 6 7 8 |  8.5
Fire Magic     | 1 2 3 4 5 6 7 8 |  8.5
Ice Magic      | 1 2 3 4 5 6 7 8 |  8.5
Air Magic      | 1 2 3 4 5 6 7 8 |  8.5
Earth Magic    | 1 2 3 4 5 6 7 8 |  8.5
Poison Magic   | 1 2 3 4 5 6 7 8 |  8.5
Dodging        | 3 4 5 6 7 8 9 10 | 10.4
Axes           | 5 6 7 8 9 10 11 | 11.0
Armour         | 5 6 7 8 9 10 11 | 11.0
Invocations    | 5 6 7 8 9 10 11 | 11.7
Fighting       | 7 8 9 10 11 | 11.8

Action                   |  1- 3 |  4- 6 |  7- 9 | 10-12 | 13-15 | 16-18 || total
-------------------------+-------+-------+-------+-------+-------+-------++-------
Melee: Hand axe          |    95 |   116 |       |    17 |    52 |    10 ||   290
       Bite              |    10 |    25 |    72 |   106 |   157 |     4 ||   374
       Falchion          |       |    75 |   112 |       |       |       ||   187
       Punch             |       |     1 |    11 |    17 |    68 |     2 ||    99
       Long sword        |       |       |   335 |   528 |   839 |     3 ||  1705
Throw: Dart              |       |       |       |    31 |    45 |       ||    76
Invok: Depart the Abyss  |     1 |       |       |       |       |       ||     1
       Bend Space        |       |       |       |     1 |     2 |       ||     3
       Banish            |       |       |       |     2 |     1 |       ||     3
Evoke: Wand              |       |       |       |       |     1 |       ||     1
  Use: Potion            |     2 |     3 |     4 |     3 |     5 |       ||    17
       Scroll            |     4 |     4 |     5 |    12 |    23 |       ||    48
 Stab: Paralysed         |       |       |       |       |     4 |       ||     4
Armor: Chain mail        |    74 |   140 |   364 |   396 |   563 |     9 ||  1546
Dodge: Dodged            |    41 |    82 |   287 |   398 |   601 |    10 ||  1419
       Rpst.: Falchion   |       |    12 |    16 |       |       |       ||    28
       Long sword        |       |       |    70 |   125 |   130 |       ||   325

Table legend: (Time is in decaauts)
 A = Elapsed time spent in this place.
 B = Non-inter-level travel time spent in this place.
 C = Inter-level travel time spent in this place.
 D = Time resting spent in this place.
 E = Time spent auto-exploring this place.
 F = Levels seen in this place.
 G = Mean time per level.
                   A        B        C        D        E       F      G
               +--------+--------+--------+--------+--------+-----+--------+
         Total |  29353 |  28299 |   1054 |   9707 |  13348 |  22 | 1334.2 |
       Dungeon |  14235 |  13475 |    760 |   3352 |   7175 |  12 | 1186.2 |
          Lair |  13338 |  13044 |    294 |   5479 |   5694 |   6 | 2223.0 |
         Abyss |    102 |    102 |      0 |      0 |     52 |   3 |   34.0 |
      Ice Cave |   1677 |   1677 |      0 |    876 |    427 |   1 | 1677.0 |
               +--------+--------+--------+--------+--------+-----+--------+

Top non-repeatable levels by time:
  Lair:6: 3757 daAuts
  Lair:5: 3421 daAuts
     D:8: 2401 daAuts
  Lair:3: 1811 daAuts
  Lair:1: 1741 daAuts
   IceCv: 1677 daAuts
    D:10: 1639 daAuts
     D:7: 1501 daAuts
     D:6: 1403 daAuts
  Lair:4: 1364 daAuts
     D:4: 1335 daAuts
     D:9: 1304 daAuts
  Lair:2: 1242 daAuts
     D:5: 1113 daAuts
     D:3: 982 daAuts
